 Dungeon Crawl Stone Soup version 0.18-a0-916-gc496e2e (webtiles) character file.

566 Lektor the Grave Robber (level 7, -2/55 HPs)
             Began as a Deep Dwarf Necromancer on Dec 26, 2015.
             Slain by a wyvern (16 damage)
             ... on level 5 of the Dungeon.
             The game lasted 00:27:08 (4546 turns).

Lektor the Grave Robber (Deep Dwarf Necromancer)    Turns: 4546, Time: 00:27:08

Health: -2/55      AC:  3    Str: 12    XL:     7   Next: 10%
Magic:  0/11       EV: 12    Int: 17    God:
Gold:   220        SH:  0    Dex: 13    Spells: 4 memorised, 3 levels left

rFire  . . .     SeeInvis +     M - +0 war axe
rCold  . . .     Gourm    +     a - +0 robe
rNeg   . . .     Faith    .     (no shield)
rPois  .         Spirit   .     (no helmet)
rElec  .         Dismiss  .     (no cloak)
rCorr  .         Reflect  .     (no gloves)
SustAt .         Harm     .     o - +0 pair of boots
MR     +....                    t - amulet of the gourmand
Stlth  +++.......               I - ring of see invisible
                                j - +5 ring of slaying

@: non-regenerating, somewhat resistant to hostile enchantments, fairly stealthy
A: damage resistance, recharge devices, sense surroundings 1, slow regeneration
3
a: Device Recharging


You were on level 5 of the Dungeon.
You were not hungry.

You visited 1 branch of the dungeon, and saw 5 of its levels.

You collected 220 gold pieces.

Inventory:

Hand Weapons
 F - a +0 dagger of draining
 M - a +0 war axe (weapon)
Missiles
 f - 88 stones
 k - 8 curare-tipped needles
 m - 20 bolts of frost
 v - 21 arrows
 w - 40 poisoned needles
 x - 60 bolts
 y - 2 tomahawks
 E - a javelin (quivered)
 P - 23 sling bullets
Armour
 a - a +0 robe (worn)
 o - a +0 pair of boots (worn)
Jewellery
 j - a +5 ring of slaying (left hand)
 t - an amulet of the gourmand (around neck)
 I - a ring of see invisible (right hand)
Wands
 c - a wand of heal wounds (5/9)
Scrolls
 g - 2 scrolls of remove curse
 n - a scroll of noise
 p - a scroll of random uselessness {unknown}
 q - a scroll of teleportation
 s - 7 scrolls of identify
 u - 2 scrolls of magic mapping {unknown}
 z - a scroll of immolation {unknown}
 B - 2 scrolls of fear {unknown}
 D - 3 scrolls of amnesia
 G - a scroll of recharging {unknown}
 K - a scroll of fog {unknown}
 L - a scroll of enchant armour {unknown}
Potions
 e - a potion of brilliance
 l - a potion of curing
 A - a potion of cure mutation
 H - 2 potions of poison {unknown}
Books
 b - a book of Necromancy

   Spells                             Type                      Level
   a - Pain                           Necromancy                   1
   b - Animate Skeleton               Necromancy                   1
   c - Vampiric Draining              Necromancy                   3
   d - Regeneration                   Charms/Necromancy            3
   e - Animate Dead                   Necromancy                   4
   f - Control Undead                 Necromancy                   4
 i - a book of Maledictions

   Spells                             Type                      Level
   a - Corona                         Hexes                        1
   b - Ensorcelled Hibernation        Hexes/Ice                    2
   c - Confuse                        Hexes                        3
   d - Tukima's Dance                 Hexes                        3
   e - Dazzling Spray                 Conjuration/Hexes            3
 O - a book of the Tempests

   Spells                             Type                      Level
   a - Static Discharge               Conjuration/Air              3
   b - Lightning Bolt                 Conjuration/Air              5
   c - Fireball                       Conjuration/Fire             5
   d - Tornado                        Air                          9
   e - Shatter                        Earth                        9
Comestibles
 d - 7 bread rations
 h - a meat ration
 J - 3 fruits
 N - a slice of pizza


   Skills:
 - Level 2.1 Dodging
 - Level 4.6 Stealth
 + Level 3.3 Spellcasting
 + Level 7.9 Necromancy


You had 3 spell levels left.
You knew the following spells:

 Your Spells              Type           Power        Failure   Level  Hunger
a - Pain                  Necr           ####         1%          1    None
b - Animate Skeleton      Necr           N/A          1%          1    None
c - Vampiric Draining     Necr           ####......   1%          3    ###....
d - Control Undead        Necr           ####......   10%         4    ####...


Dungeon Overview and Level Annotations

Branches:
Dungeon (5/15)
 Temple: D:4-7

Altars:
Trog
Zin
The Shining One


Innate Abilities, Weirdness & Mutations

You are resistant to damage.
You can recharge devices by infusing magical energy.
You passively map a small area around you.
You do not regenerate naturally.


Message History

Casting: Vampiric Draining
Confirm with . or Enter, or press ? or * to list all spells.
Aiming: Pain
Press: ? - help, Shift-Dir - straight line, f/p - wyvern
Aim: a wyvern (heavily wounded, chance to defeat MR: 84%)
The wyvern convulses in agony!
The wyvern closely misses you.
Your quokka skeleton closely misses the wyvern.
Casting: Pain
Confirm with . or Enter, or press ? or * to list all spells.
Aiming: Pain
Press: ? - help, Shift-Dir - straight line, f/p - wyvern
Aim: a wyvern (severely wounded, chance to defeat MR: 84%)
The wyvern convulses in agony!
The wyvern bites you!
Your quokka skeleton closely misses the wyvern.
The wyvern bites you!
* * * LOW HITPOINT WARNING * * *
Drink which item? (? for menu, Esc to quit)
It was a potion of cancellation.
You feel magically purged. The wyvern bites you!
You die...

# #.#.############ #
#.#............# #
#.############.# #
#.####### #.# # #.......#
#.# # #######.# ##.# # #.#
#..# ##########.# #.##
#..$...l@#.# #.#
#.######Z#.# #.# #.# #.#.#
#.# ###.######.#Z# #.#
#............# #.#
#.#.######.### #.#
#######.#.# #.# #.#
.<........######.#######.#
#######..................#


You could see a wyvern and a friendly quokka skeleton.

Vanquished Creatures
  2 ogres
  A scorpion (D:5)
  A hound (D:1)
  An iguana (D:5)
  4 worker ants
  2 hound skeletons
  6 adders
  2 oozes
  A worm (D:3)
  An adder skeleton (D:4)
  4 giant geckos
  4 orcs
  A ball python (D:4)
  3 giant cockroaches
  8 goblins
  8 hobgoblins
  4 jackals (D:1)
  A quokka (D:5)
  5 bats
  2 giant newts
  4 kobolds (D:2)
  A quokka skeleton (D:4)
  5 rats
71 creatures vanquished.

Vanquished Creatures (collateral kills)
  A giant frog skeleton (D:4)
  An adder (D:2)
  2 goblins (D:1)
4 creatures vanquished.

Grand Total: 75 creatures vanquished

Notes
Turn   | Place    | Note
--------------------------------------------------------------
     0 | D:1      | Lektor the Deep Dwarf Necromancer began the quest for the Orb.
     0 | D:1      | Reached XP level 1. HP: 15/15 MP: 3/3
   590 | D:1      | Learned a level 1 spell: Animate Skeleton
   599 | D:1      | Reached XP level 2. HP: 19/22 MP: 0/4
   949 | D:1      | Reached skill level 5 in Necromancy
  1360 | D:1      | Reached XP level 3. HP: 24/28 MP: 1/5
  1418 | D:2      | Learned a level 3 spell: Vampiric Draining
  1571 | D:2      | Found a bloodstained altar of Trog.
  1577 | D:2      | Found a glowing silver altar of Zin.
  1635 | D:2      | Reached skill level 6 in Necromancy
  1635 | D:2      | Reached XP level 4. HP: 30/36 MP: 1/6
  2215 | D:3      | Found a glowing golden altar of the Shining One.
  3149 | D:4      | Reached XP level 5. HP: 42/42 MP: 5/8
  3353 | D:4      | Learned a level 4 spell: Control Undead
  3479 | D:4      | Noticed an ogre
  3512 | D:4      | Reached skill level 7 in Necromancy
  3514 | D:4      | Killed an ogre
  3514 | D:4      | Reached XP level 6. HP: 45/49 MP: 1/9
  3855 | D:5      | Entered Level 5 of the Dungeon
  4043 | D:5      | Reached XP level 7. HP: 43/55 MP: 0/11
  4539 | D:5      | Noticed a wyvern
  4546 | D:5      | Slain by a wyvern

Vault maps used:
D:1:      minmay_arrival_floating_metal
D:2:      nicolae_overflow_hidden_temple, first_bread
D:3:      minivault_23, dk_noncrumbling_3, minmay_stone_trees_small,
          nicolae_tso_carved_into_rock

Action                   |  1- 3 |  4- 6 |  7- 9 || total
-------------------------+-------+-------+-------++-------
Melee: Unarmed           |     1 |       |       ||     1
       Short sword       |    15 |       |       ||    15
       Dagger            |       |    43 |       ||    43
       Hand axe          |       |     5 |       ||     5
       War axe           |       |    15 |     5 ||    20
Throw: Stone             |     1 |       |       ||     1
       Tomahawk          |       |     3 |       ||     3
       Javelin           |       |     4 |       ||     4
 Cast: Pain              |    39 |    43 |     7 ||    89
       Animate Skeleton  |    12 |    11 |     2 ||    25
       Vampiric Draining |       |    26 |     7 ||    33
       Control Undead    |       |     1 |       ||     1
  Use: Scroll            |     1 |     4 |       ||     5
       Potion            |       |     3 |     1 ||     4
 Stab: Sleeping          |       |     2 |       ||     2
  Eat: Chunk             |     3 |     4 |     3 ||    10
       Meat ration       |       |     2 |       ||     2
